 Dungeon Crawl Stone Soup version 0.23.1 (webtiles) character file.

Game seed: 3977384623420707050

22 Lusmu the Grave Robber (level 2, 0/12 HPs)
             Began as a Felid Necromancer on Mar 14, 2019.
             Slain by a jackal (2 damage)
             ... on level 1 of the Dungeon.
             The game lasted 00:04:25 (1245 turns).

Lusmu the Grave Robber (Felid Necromancer)          Turns: 1245, Time: 00:04:26

Health: 0/12       AC:  1    Str:  4    XL:     2   Next: 68%
Magic:  6/6        EV: 18    Int: 16    God:
Gold:   36         SH:  0    Dex: 16    Spells: 3/5 levels left
                                        Lives:  0   Deaths: 0

rFire    . . .     SeeInvis +     - Unarmed
rCold    . . .     Gourm    .   (shield unavailable)
rNeg     . . .     Faith    .   (armour unavailable)
rPois    .         Spirit   .   (helmet unavailable)
rElec    .         Reflect  .   (cloak unavailable)
rCorr    .         Harm     .   (gloves unavailable)
MR       .....                  (boots unavailable)
Stlth    +++.......             (no amulet)
HPRegen  0.04/turn              (no ring)
MPRegen  0.10/turn              (no ring)

@: quick
A: very small, no armour, no weapons or thrown items, stealth, claws 1, fangs 3,
see invisible, carnivore, speed 1, shaggy fur 1, slow metabolism 1, sharp paws
a: no special abilities


You were on level 1 of the Dungeon.
You were completely stuffed.

You visited 1 branch of the dungeon, and saw 1 of its levels.

You collected 36 gold pieces.

Inventory:

Scrolls
 c - 3 scrolls of teleportation {unknown}
Potions
 a - a potion of degeneration {unknown}
Comestibles
 b - 4 rations
 d - a chunk of flesh


   Skills:
 + Level 1.0 Fighting
 - Level 2.6 Dodging
 + Level 3.3 Stealth
 + Level 1.0 Unarmed Combat
 - Level 2.0 Spellcasting
 + Level 4.2 Necromancy


You had 3 spell levels left.
You knew the following spells:

 Your Spells              Type           Power        Failure   Level  Hunger
a - Pain                  Necr           ###.         3%          1    #......
b - Animate Skeleton      Necr           N/A          3%          1    #......

Your spell library contained the following spells:

 Spells                   Type           Power        Failure   Level  Hunger
 Vampiric Draining        Necr           ###.......   11%         3    ###....
 Regeneration             Chrm/Necr      #.........   26%         3    ###....
 Animate Dead             Necr           N/A          36%         4    #####..


Dungeon Overview and Level Annotations

Branches:
Dungeon (1/15)

Altars:


Innate Abilities, Weirdness & Mutations

You cannot wear armour.
You are incapable of wielding weapons or throwing items.
Your paws allow you to move quietly. (Stealth)
You have sharp claws.
You have razor-sharp teeth.
You have supernaturally acute eyesight. (SInv)
You are carnivorous and can eat meat at any time.
You cover ground quickly.
You are covered in fur. (AC +1)
You have a slow metabolism.
Your sharp claws are effective at attacking unaware monsters.


Message History

* * * LOW HITPOINT WARNING * * *
You see here a jackal corpse.
Casting: Pain (safe; 3% risk of failure)
Confirm with . or Enter, or press ? or * to list all spells.
You attempt to give life to the dead...
Before your eyes, flesh is ripped from the corpse!
The dead are walking!
The jackal misses you.
You see here a chunk of flesh.
The jackal misses you.
Your jackal skeleton completely misses the goblin.
There is an open door here.
The jackal closely misses you. The hobgoblin misses you.
The hobgoblin completely misses you. The jackal completely misses you.
You see here a +0 dagger.
The jackal bites you.
* * * LOW HITPOINT WARNING * * *
The jackal bites you.
You die...

#.#.# #.# #.##..'......... ##(#.#
#.# #.#####.........
...#.#######.# #.# #.........
####.........# #.# #...)....#
.....######..#####.# #.[......#
.....# #......#.# ###'##...#
.....######.####.#.#######.# ...#
.......)..g....h......>..#.# ...#
###########.#..#@#####...#.######
#...#.#..#.####...........#
#######.#.#.#..#.........#.####.#
........#...#..######....#.# #.#
..###########.......#....#.# #.#
..'......................[.# #..
..########..#..............# ###
..# ##..#..............###### ..#
#...)...........(........


You could see a jackal and a hobgoblin.

Vanquished Creatures
  A dart slug (D:1)
  A leopard gecko (D:1)
  A giant cockroach (D:1)
  A hobgoblin (D:1)
  2 jackals (D:1)
  4 bats (D:1)
  A frilled lizard (D:1)
  3 goblins (D:1)
  2 kobolds (D:1)
  2 rats (D:1)
18 creatures vanquished.

Vanquished Creatures (collateral kills)
  A bat (D:1)
1 creature vanquished.

Grand Total: 19 creatures vanquished

Notes
Turn   | Place    | Note
-------+----------+-------------------------------------------
     0 | D:1      | Lusmu the Felid Necromancer began the quest for the Orb.
     0 | D:1      | Reached XP level 1. HP: 7/7 MP: 4/4
    63 | D:1      | Learned a level 1 spell: Animate Skeleton
   294 | D:1      | Reached XP level 2. HP: 11/12 MP: 6/6
  1052 | D:1      | Reached skill level 1 in Fighting
  1194 | D:1      | Reached skill level 1 in Unarmed Combat
  1245 | D:1      | Slain by a jackal

Skill      XL: |  1  2 |
---------------+-------+-----
Stealth        | 3 |  3.3
Fighting       | 1 |  1.0
Unarmed Combat | 1 |  1.0
Dodging        | |  2.6
Spellcasting   | |  2.0
Necromancy     | |  4.2

Action                   || total
-------------------------++-------
Melee: Unarmed           ||    52
       Bite              ||     1
 Cast: Pain              ||     9
       Animate Skeleton  ||     6
 Stab: Sleeping          ||     5
       Distracted        ||     1
  Eat: Chunk             ||     8
Armor: Skin              ||    12
Dodge: Dodged            ||    84
